AoeStats
← TheWalker6055

Arena

507973167Analyzed
1v1 RM · 12d ago on Sep 20, 2026· 70m 45s· 2 players
Game mode
Random Map
Map size
Tiny (2 player)
Population
200
Speed
Normal
Resources
Standard
Victory
Conquest
Starting age
Dark Age
Ending age
Imperial Age
RankedLock teamsTeams togetherTeam positionsShared explorationLock speedFull tech treeHidden civsTurbo modeCheats
Victory
Defeat
🇫🇷 Britons · France
751
+18
🇮🇳 Celts · India
786
-18
flo.meu.jeu
10:58 Feudal Age
11:26 Double-Bit Axe
11:21 Man-at-Arms
12:46 Gold Mining
20:28 Castle Age
20:01 Stone Mining
20:58 Forging
22:56 Wheelbarrow
22:08 Loom
22:19 Crossbowman
22:37 Long Swordsman
23:14 Pikeman
28:38 Hand Cart
28:09 Town Watch
29:07 Iron Casting
29:46 Gold Shaft Mining
30:27 Scale Mail Armor
34:07 Imperial Age
36:16 Bow Saw
36:03 Halberdier
38:18 Town Patrol
39:02 Ballistics
39:13 Yeomen
38:26 Cavalier
40:55 Fletching
42:06 Blast Furnace
41:23 Elite Longbowman
42:02 Bodkin Arrow
43:37 Chemistry
43:59 Two-Man Saw
43:57 Bracer
44:48 Warwolf
45:36 Scale Barding Armor
47:32 Gambesons
47:55 Padded Archer Armor
48:11 Chain Mail Armor
48:17 Chain Barding Armor
51:42 Leather Archer Armor
51:57 Plate Mail Armor
52:03 Plate Barding Armor
51:50 Herbal Medicine
54:30 Ring Archer Armor
54:47 Siege Engineers
54:56 Siege Engineers
55:02 Husbandry
61:30 Conscription
64:07 Sappers
65:06 Sappers
TheWalker6055
0:26 Loom
10:30 Feudal Age
11:34 Double-Bit Axe
11:31 Horse Collar
12:51 Wheelbarrow
12:02 Town Watch
13:41 Arson
13:33 Man-at-Arms
19:36 Gold Mining
23:48 Castle Age
22:08 Forging
21:58 Scale Mail Armor
22:17 Stone Mining
22:27 Gold Mining
22:34 Gold Mining
24:18 Long Swordsman
25:32 Bow Saw
25:26 Heavy Plow
33:28 Hand Cart
37:48 Imperial Age
37:26 Gold Shaft Mining
37:26 Stone Shaft Mining
37:33 Stone Shaft Mining
38:04 Stronghold
39:08 Conscription
38:53 Town Patrol
39:11 Two-Handed Swordsman
39:37 Gambesons
41:00 Iron Casting
40:40 Chain Mail Armor
40:11 Pikeman
40:16 Champion
40:57 Fletching
41:07 Padded Archer Armor
41:06 Heavy Scorpion
41:51 Sappers
43:28 Blast Furnace
42:51 Elite Woad Raider
44:46 Chemistry
43:51 Siege Engineers
43:43 Murder Holes
43:58 Masonry
43:16 Cavalier
43:56 Husbandry
44:45 Furor Celtica
43:59 Elite Woad Raider
45:29 Pikeman
46:52 Plate Mail Armor
46:27 Scale Barding Armor
46:17 Bodkin Arrow
46:37 Leather Archer Armor
47:22 Halberdier
49:20 Chain Barding Armor
51:31 Treadmill Crane
53:01 Hoardings
51:57 Sappers
52:44 Arrowslits
53:12 Fortified Wall
53:45 Guilds
53:10 Capped Ram
54:58 Furor Celtica
54:13 Siege Ram
55:41 Ring Archer Armor
55:37 Ballistics
Connection lost

Rejoining the realm…

Still unreachable

The connection could not be restored.

Session expired

The server has moved on; the page needs a fresh start.